 Dungeon Crawl Stone Soup version 0.14-a0-2810-g474977d (webtiles) character file.

1473 RIDDIMRIDER the Shield-Bearer (level 8, -3/68 HPs)
             Began as a Minotaur Fighter on Feb 25, 2014.
             Was an Initiate of Trog.
             Slain by a troll skeleton (4 damage)
             ... on Level 6 of the Dungeon.
             The game lasted 00:56:55 (5988 turns).

RIDDIMRIDER the Shield-Bearer (Minotaur Fighter)    Turns: 5988, Time: 00:56:55

HP  -3/68        AC  8     Str 23      XL: 8   Next: 22%
MP   3/3         EV  7     Int  5      God: Trog [......]
Gold 261         SH 22     Dex 10      Spells:  0 memorised,  7 levels left

rFire  . . .     SeeInvis .     a - +0,+1 falchion
rCold  + . .     Clarity  .     b - +1 scale mail
rNeg   . . .     Conserve .     c - +0 shield
rPois  .         rCorr    .     (helmet restricted)
rElec  .         rRot     .     (no cloak)
SustAb . .       Spirit   .     (no gloves)
rMut   .         Warding  .     (no boots)
Saprov . . .     Stasis   .     (no amulet)
MR     .....                    h - ring of flight
                                m - ring of protection from cold {unknown}

@: invisible, very slightly contaminated, hasted, very quick, not resistant to
hostile enchantments, extremely unstealthy
A: retaliatory headbutt, horns 2
a: Burn Spellbooks, Renounce Religion, Evoke Flight


You were on level 6 of the Dungeon.
You worshipped Trog.
Trog was noncommittal.
You were not hungry.

You visited 2 branches of the dungeon, and saw 7 of its levels.

You collected 261 gold pieces.

Inventory:

Hand weapons
 a - a +0,+1 falchion (weapon)
Missiles
 q - 3 poisoned needles
Armour
 b - a +1 scale mail (worn)
 c - a +0 shield (worn)
Comestibles
 j - a bread ration
 v - a choko
Scrolls
 d - a scroll of fear {unknown}
 e - 2 scrolls of teleportation
 f - a scroll of enchant weapon II
 n - 6 scrolls of remove curse
 o - a scroll of recharging {unknown}
 r - a scroll of magic mapping
 s - 4 scrolls of identify {unknown}
 u - a scroll of enchant weapon I {unknown}
Jewellery
 h - a ring of flight (right hand)
 m - a ring of protection from cold (left hand) {unknown}
Potions
 k - a potion of speed
 l - a potion of flight {unknown}
 p - 2 potions of magic {unknown}
 t - a potion of restore abilities {unknown}
 w - a potion of lignification {unknown}
 x - a potion of brilliance


   Skills:
 + Level 5.2 Fighting
 + Level 5.1 Long Blades
 + Level 6.2 Armour
 + Level 4.7 Dodging
 + Level 1.1 Stealth
 + Level 7.5 Shields


You had 7 spell levels left.
You didn't know any spells.

Dungeon Overview and Level Annotations

Branches:
Dungeon (6/16)             Temple (1/1) D:5

Altars:
Ashenzari
Cheibriados
Dithmenos
Elyvilon
Fedhas
Kikubaaqudgha
Makhleb
Nemelex Xobeh
Okawaru
Sif Muna
Trog
Vehumet
Xom
Yredelemnul
Zin
The Shining One


Innate Abilities, Weirdness & Mutations

You reflexively headbutt those who attack you in melee.
You have a pair of horns on your head.


Message History

You kill the orc!
Trog accepts your kill.
You hit the troll skeleton. You headbutt the troll skeleton.
You block the troll skeleton's attack.
The troll skeleton claws you but does no damage.
The troll skeleton claws you!
* * * LOW HITPOINT WARNING * * *
You hit the troll skeleton. The troll skeleton bites you!
* * * LOW HITPOINT WARNING * * *
The troll skeleton claws you.
* * * LOW HITPOINT WARNING * * *
The troll skeleton claws you but does no damage.
Drink which item? (? for menu, Esc to quit)
You fade into invisibility!
It was a potion of invisibility.
You are very lightly contaminated with residual magic.
Drink which item? (? for menu, Esc to quit)
You feel yourself speed up.
It was a potion of speed.
The troll skeleton bites you.
You die...

##.#..###.#
#.# #.#
......# #.#
#.# #.#
###.#.## #.#
#.# #.# #.#.
#.# #.# #.#
# #. #.#
#.###.## #.
#$#
#<##...#####
#. #[#
#...........
. #.#
####..%#####
#@# ##.##
#Z# #.#


oo# #.# ...# ... ##.## ... #. #...# #. #.# .. . You could see 2 orcs and a troll
skeleton.

Vanquished Creatures
  An orc warrior (D:6)
  The ghost of Michaellaneous the Shooter, an average CeAM (D:3)
  A centaur (D:5)
  A sky beast (D:5)
  Sigmund (D:5)
  A giant frog (D:6)
  A crimson imp (D:5)
  3 hounds
  An orc priest (D:3)
  A scorpion (D:4)
  5 worker ants
  An iguana (D:6)
  4 orc wizards
  3 gnolls (D:5)
  10 adders
  An inept feature mimic (D:5)
  An orc skeleton (D:4)
  A worm (D:6)
  3 giant mites
  An iguana skeleton (D:4)
  A giant eyeball (D:4)
  A giant gecko (D:2)
  14 orcs
  2 ball pythons (D:1)
  5 bats
  3 giant cockroaches (D:1)
  13 hobgoblins
  4 jackals
  10 kobolds
  An ooze (D:3)
  A quokka (D:4)
  A giant newt (D:2)
  A giant newt zombie (D:5)
  11 goblins
  A hobgoblin skeleton (D:4)
  16 rats
  2 rat skeletons (D:4)
  A rat zombie (D:4)
130 creatures vanquished.

Notes
Turn   | Place    | Note
--------------------------------------------------------------
     0 | D:1      | RIDDIMRIDER, the Minotaur Fighter, began the quest for the Orb.
     0 | D:1      | Reached XP level 1. HP: 19/19 MP: 1/1
   127 | D:1      | Reached XP level 2. HP: 25/27 MP: 1/1
   212 | D:1      | Reached skill level 4 in Fighting
   566 | D:1      | Reached XP level 3. HP: 33/33 MP: 2/2
  1452 | D:2      | Found a shattered altar of Ashenzari.
  1643 | D:2      | Reached XP level 4. HP: 40/40 MP: 2/2
  1828 | D:2      | Reached skill level 1 in Dodging
  2560 | D:3      | Reached XP level 5. HP: 26/46 MP: 2/2
  2812 | D:3      | Noticed Michaellaneous' ghost (average CeAM)
  2837 | D:3      | Killed Michaellaneous' ghost
  2837 | D:3      | Reached skill level 5 in Armour
  2837 | D:3      | Reached skill level 1 in Stealth
  2837 | D:3      | Reached skill level 5 in Shields
  2904 | D:4      | Reached XP level 6. HP: 28/53 MP: 3/3
  3194 | D:4      | Paralysed by a giant eyeball for 2 turns
  4479 | D:5      | Entered Level 5 of the Dungeon
  4711 | D:5      | Found a white marble altar of Elyvilon.
  4830 | D:5      | Reached skill level 6 in Shields
  4830 | D:5      | Reached XP level 7. HP: 19/60 MP: 3/3
  5005 | D:5      | Noticed Sigmund
  5017 | D:5      | Killed Sigmund
  5333 | D:5      | Found a staircase to the Ecumenical Temple.
  5361 | Temple   | Entered the Ecumenical Temple
  5473 | Temple   | Became a worshipper of Trog the Wrathful
  5517 | D:5      | Reached skill level 5 in Fighting
  5837 | D:6      | Reached skill level 5 in Long Blades
  5837 | D:6      | Reached skill level 7 in Shields
  5837 | D:6      | Reached XP level 8. HP: 68/68 MP: 3/3
  5986 | D:6      | HP: 1/68 [troll skeleton (5)]
  5988 | D:6      | Slain by a troll skeleton

Action                   |  1- 3 |  4- 6 |  7- 9 || total
-------------------------+-------+-------+-------++-------
Melee: Falchion          |   105 |   188 |   147 ||   440
  Use: Scroll            |       |     5 |     3 ||     8
       Potion            |       |       |     5 ||     5
 Stab: Invisible         |     3 |       |       ||     3
